 Dungeon Crawl Stone Soup version 0.16.1-18-g436b03c (webtiles) character file.

268 Leviathan2552 the Skirmisher (level 6, 0/53 HPs)
             Began as a Draconian Abyssal Knight on May 2, 2015.
             Was a Believer of Lugonu.
             Slain by a troll (11 damage)
             ... on level 4 of the Dungeon.
             The game lasted 00:10:04 (2436 turns).

Leviathan2552 the Skirmisher (DrAK)                 Turns: 2436, Time: 00:10:05

Health: 0/53       AC: 13    Str: 17    XL:     6   Next: 0%
Magic:  10/10      EV: 13    Int: 12    God:    Lugonu [**....]
Gold:   115        SH:  0    Dex: 10    Spells: 0 memorised, 5 levels left

rFire  x . .     SeeInvis .     e - +2 mace (protect)
rCold  + . .     Clarity  .     (armour unavailable)
rNeg   . . .     SustAb   .     (no shield)
rPois  .         Gourm    .     (helmet restricted)
rElec  .         Spirit   .     (no cloak)
rCorr  .         Warding  .     i - +0 pair of gloves
rMut   .         Stasis   .     h - +0 pair of boots (curse)
MR     .....                    (no amulet)
Stlth  +.........               (no ring)
                                b - ring of ice

@: not resistant to hostile enchantments, very unstealthy
A: unfitting armour, cold-blooded, AC +6
a: Depart the Abyss, Bend Space, Renounce Religion


You were on level 4 of the Dungeon.
You worshipped Lugonu.
Lugonu was pleased with you.
You were not hungry.

You visited 1 branch of the dungeon, and saw 4 of its levels.
You visited the Abyss 1 time.

You collected 115 gold pieces.

Inventory:

Hand weapons
 a - a +1 spear
 e - a +2 mace of protection (weapon)
Armour
 h - a cursed +0 pair of boots (worn)
 i - a +0 pair of gloves (worn)
 k - a cursed +0 leather armour
Jewellery
 b - a ring of ice (left hand)
Magical devices
 p - a wand of fire (12)
Scrolls
 d - 3 scrolls of teleportation {unknown}
 j - a scroll of recharging {unknown}
 l - a scroll of identify {unknown}
 n - a scroll of fear {unknown}
 o - a scroll of magic mapping {unknown}
 r - a scroll of remove curse {unknown}
Potions
 g - a potion of mutation {unknown}
 q - a potion of heal wounds {unknown}
Comestibles
 c - 2 bread rations
 f - 2 meat rations
 m - a slice of pizza
 s - a chunk of flesh


   Skills:
 + Level 4.5 Fighting
 * Level 3.1 Maces & Flails
 - Level 2.2 Polearms
 + Level 3.4 Dodging
 + Level 3.4 Invocations


You had 5 spell levels left.
You didn't know any spells.

Dungeon Overview and Level Annotations

Branches:
Dungeon (4/15)
 Temple: D:4-7

Altars:
Elyvilon


Innate Abilities, Weirdness & Mutations

Your plain brown scales are hard (AC +6).
Your body does not fit into most forms of armour.
Your cold-blooded metabolism reacts poorly to cold.


Message History

The orc shouts!
You sock the hound!
You kill the hound!
Lugonu accepts your kill.
You have reached level 6!
Your experience leads to an increase in your attributes!
Increase (S)trength, (I)ntelligence, or (D)exterity?
You feel stronger.
Your scales feel tougher.
The orc moves out of view.
You closely miss the troll.
You tail-slap the troll, but do no damage.
The troll closely misses you. The troll claws you!
* * * LOW HITPOINT WARNING * * *
The troll claws you.
* * * LOW HITPOINT WARNING * * *
You barely miss the troll. The troll barely misses you.
The troll barely misses you. The troll completely misses you.
The troll barely misses you. The troll claws you but does no damage.
The troll claws you!
You die...

#. .... #. ##....
#.####.....
##..##.......
#.......#
#..#.....#
#..##.....##
#..###Tl#...## #..
#@####...##...
#....####..........
###.# ##..###.....
## ##..## ####
##..## .## ##..##
...#
###...####.....
#.............#
#....####...####.#


You could see a troll and an iguana.

Vanquished Creatures
  A hound (D:4)
  Natasha (D:3)
  Ijyb (D:2)
  2 hound skeletons (D:4)
  10 adders
  2 giant mites (D:3)
  A worm (D:2)
  4 giant geckos
  An ooze (D:1)
  5 orcs
  3 giant cockroaches
  3 goblins
  4 hobgoblins
  7 kobolds
  A quokka (D:3)
  7 bats
  2 giant newts (D:1)
  4 rats
59 creatures vanquished.

Vanquished Creatures (others)
  2 draconians (D:1)
  An octopode (D:1)
  3 elves (D:1)
  A troll (D:1)
  2 spriggans (D:1)
  A human (D:1)
  A vampire (D:1)
  An orc (D:1)
  A quokka (D:2)
  5 tentacles (D:1)
  49 tentacle segments (D:1)
67 creatures vanquished.

Grand Total: 126 creatures vanquished

Notes
Turn   | Place    | Note
--------------------------------------------------------------
     0 | Abyss:1  | Leviathan2552, the Draconian Abyssal Knight, began the quest for the Orb.
     0 | Abyss:1  | Reached XP level 1. HP: 19/19 MP: 1/1
     0 | D:1      | Escaped the Abyss
     0 | D:1      | Noticed an elf
     0 | D:1      | Noticed a draconian
     0 | D:1      | Noticed a vampire
     0 | D:1      | Noticed an octopode
     0 | D:1      | Noticed an elf
     0 | D:1      | Noticed a kraken
     0 | D:1      | Noticed a human
     0 | D:1      | Noticed a spriggan
     0 | D:1      | Noticed a draconian
     0 | D:1      | Noticed an elf
     0 | D:1      | Noticed a spriggan
     0 | D:1      | Noticed a troll
     3 | D:1      | Killed a spriggan
     5 | D:1      | Killed a troll
     6 | D:1      | Killed an octopode
     7 | D:1      | Killed a spriggan
     8 | D:1      | Killed an elf
    10 | D:1      | Killed a vampire
    10 | D:1      | Killed a draconian
    12 | D:1      | Killed an elf
    12 | D:1      | Killed a human
    13 | D:1      | Killed a draconian
    14 | D:1      | Killed an elf
   153 | D:1      | Acquired Lugonu's first power
   157 | D:1      | Reached XP level 2. HP: 26/26 MP: 2/2
  1145 | D:2      | Reached skill level 4 in Fighting
  1149 | D:2      | Reached XP level 3. HP: 31/33 MP: 4/4
  1171 | D:2      | Found a white marble altar of Elyvilon.
  1382 | D:2      | Reached skill level 1 in Maces & Flails
  1418 | D:2      | Noticed Ijyb
  1442 | D:2      | Killed Ijyb
  1442 | D:2      | Reached XP level 4. HP: 26/40 MP: 5/5
  2009 | D:3      | Noticed Natasha
  2023 | D:3      | Killed Natasha
  2023 | D:3      | Reached XP level 5. HP: 28/47 MP: 7/7
  2137 | D:3      | Acquired Lugonu's second power
  2421 | D:4      | Noticed a troll
  2434 | D:4      | Reached XP level 6. HP: 20/53 MP: 10/10
  2436 | D:4      | Slain by a troll

Action                   |  1- 3 |  4- 6 || total
-------------------------+-------+-------++-------
Melee: Spear             |    41 |       ||    41
       Mace              |    85 |   131 ||   216
Invok: Depart the Abyss  |     1 |       ||     1
  Eat: Chunk             |     2 |     4 ||     6
